 Dungeon Crawl Stone Soup version 0.32-a0-931-g5a2cda0630 (webtiles) character file.

Game seed: 13166936648541481720

184 Biggs the Cutter (level 5, -1/26 HPs)
             Began as a Vine Stalker Brigand on Apr 13, 2024.
             Slain by Duvessa
             ... wielding a +0 rapier
              (3 damage)
             ... on level 5 of the Dungeon on Apr 14, 2024.
             The game lasted 00:05:59 (1279 turns).

Biggs the Cutter (Vine Stalker Brigand)             Turns: 1279, Time: 00:06:00

Health: -1/26      AC:  7    Str: 14    XL:     5   Next: 64%
Magic:  0/6        EV:  9    Int: 11    God:
Gold:   150        SH:  0    Dex: 17    Spells: 4/4 levels left

rFire   . . .        a - +2 dagger
rCold   . . .        (no shield)
rNeg    . . .        n - +0 ring mail
rPois   .            (no helmet)
rElec   .            c - +0 cloak
rCorr   .            (no gloves)
SInv    .            r - +0 pair of boots
Will    .....        (no amulet)
Stlth   +            (no ring)
HPRegen 1.04/turn    (no ring)
MPRegen 0.10/turn

%: guardian spirit
@: lit by a corona, glowing
A: fangs 2, regeneration 1, magic shield, antimagic bite, no potion heal 2
a: no special abilities


You were on level 5 of the Dungeon.
You visited 1 branch of the dungeon, and saw 5 of its levels.

You collected 150 gold pieces.

Inventory:

Hand Weapons
 a - a +2 dagger (weapon)
Missiles
 d - 9 poisoned darts (quivered)
 e - 3 curare-tipped darts
Armour
 b - a +0 robe
 c - a +0 cloak (worn)
 n - a +0 ring mail (worn)
 r - a +0 pair of boots (worn)
Jewellery
 k - a ring of positive energy
Scrolls
 f - a scroll of vulnerability {unknown}
 g - a scroll of immolation {unknown}
 l - a scroll of teleportation {unknown}
 o - a scroll of fog {unknown}
Potions
 h - 2 potions of lignification {unknown}
 i - a potion of curing {unknown}
 j - a potion of heal wounds {unknown}
 m - 2 potions of mutation {unknown}
 p - 2 potions of resistance {unknown}
 q - a potion of magic {unknown}


   Skills:
 - Level 1.7 Fighting
 + Level 5.2 Short Blades
 - Level 1.7 Throwing
 - Level 0.7 Dodging
 - Level 4.8 Stealth


You had 4 spell levels left.
You didn't know any spells.
Your spell library was empty.

Dungeon Overview and Level Annotations

Branches:
Dungeon (5/15)
 Temple: D:4-7

Altars:

Shops:
D:2 =

Annotations:
D:5 Dowan, Duvessa


Innate Abilities, Weirdness & Mutations

You have extremely sharp teeth.
Your natural rate of healing is unusually fast.
When hurt, damage is shared between your health and your magic reserves.
Your bite disrupts and absorbs the magic of your enemies.
Potions cannot restore your health.


Message History

Duvessa hits you with a +0 rapier.
Unknown command.
You hit Duvessa.
Duvessa is lightly wounded.
Dowan points at you and mumbles some strange words.
The puff of frost hits you. Duvessa closely misses you.
Unknown command.
You hit Duvessa but do no damage. Your bite misses Duvessa.
Duvessa is lightly wounded.
Unknown command.
You hit Duvessa but do no damage.
Duvessa is lightly wounded.
Dowan hits you with a +0 dagger. Duvessa hits you with a +0 rapier.
* * * LOW HITPOINT WARNING * * *
Unknown command.
Unknown command.
You hit Duvessa but do no damage. You bite Duvessa. You drain her power.
You feel invigorated.
Duvessa is moderately wounded.
Dowan hits you with a +0 dagger.
* * * LOW HITPOINT WARNING * * *
Duvessa barely misses you.
Unknown command.
You hit Duvessa.
Duvessa is moderately wounded.
Dowan hits you but does no damage. Duvessa hits you with a +0 rapier!
* * * LOW HITPOINT WARNING * * *
Unknown command.
Unknown command.
You hit Duvessa but do no damage.
Duvessa is moderately wounded.
Unknown command.
Unknown command.
Unknown command.
You hit Duvessa but do no damage.
Duvessa is moderately wounded.
Dowan hits you with a +0 dagger.
* * * LOW HITPOINT WARNING * * *
Duvessa hits you with a +0 rapier.
You die...

#.# #.# #.#
#.# #.# # #.#
#.##.####.#.§
#.cee.......§
#..#@.###.##
#. #.....[#
#..##.##..#
#..#...#..#
#.(.#.#...####
#.............
##..#.#...####
#.#...#......
#.##.<.......


You could see Duvessa, Dowan and a centaur.

Vanquished Creatures
  A black bear (D:4)
  A jelly (D:5)
  3 adders (D:4)
  A dart slug (D:1)
  A ribbon worm (D:2)
  An orc (D:4)
  3 bats
  2 endoplasms
  A giant cockroach (D:4)
  5 goblins
  2 hobgoblins
  7 jackals
  A quokka (D:4)
  4 ball pythons
  4 kobolds
  5 rats
42 creatures vanquished.

Notes
Turn   | Place    | Note
-------+----------+-------------------------------------------
     0 | D:1      | Biggs the Vine Stalker Brigand began the quest for the Orb.
     0 | D:1      | Reached XP level 1. HP: 11/11 MP: 2/2
    40 | D:1      | Reached skill level 2 in Short Blades
    89 | D:1      | Reached XP level 2. HP: 5/15 MP: 3/3
   234 | D:1      | Found a faded altar of an unknown god.
   311 | D:2      | Reached skill level 3 in Short Blades
   319 | D:2      | Reached XP level 3. HP: 18/18 MP: 1/4
   521 | D:2      | Found Mapp's Jewellery Emporium.
   932 | D:4      | Noticed a black bear
   952 | D:4      | Killed a black bear
   953 | D:4      | Reached skill level 4 in Short Blades
   953 | D:4      | Reached XP level 4. HP: 18/23 MP: 2/5
   953 | D:4      | Reached XP level 5. HP: 21/26 MP: 2/6
  1255 | D:5      | Entered Level 5 of the Dungeon
  1257 | D:5      | Reached skill level 5 in Short Blades
  1263 | D:5      | Noticed a centaur
  1265 | D:5      | Noticed Dowan
  1268 | D:5      | Noticed Duvessa
  1277 | D:5      | HP: 1/26 [Duvessa/+0 rapier (6)]
  1279 | D:5      | Slain by Duvessa

Illustrated notes

Levels and vault maps discovered:
D:1:      orjb1_lava_funnel, layout_loops_ring,
          hellmonk_ecumenical_altar_pennies_from_heaven
D:2:      layout_loops_cross, serial_shops, nicolae_shop_gibbet_a_chance
D:3:      layout_loops_ring
D:4:      layout_basic, dancing_weapons_uskayaw, tso_altar,
          mainiacjoe_overflow_alcove_1, minmay_temple_entry_tees, uniq_edmund
D:5:      layout_loops_ring, mainiacjoe_overflow_six_doors_small,
          grunt_dithmenos_smoke, evilmike_ruin_ashenzari, uniq_sigmund,
          uniq_duvessa

Skill      XL: |  1  2  3  4  5 |
---------------+----------------+-----
Short Blades   | 2 3 4 5 |  5.2
Fighting       | |  1.7
Throwing       | |  1.7
Dodging        | |  0.7
Stealth        | |  4.8

Action                     |  1- 3 |  4- 6 || total
---------------------------+-------+-------++-------
  Melee: Dagger            |    91 |    45 ||   136
         Bite              |    21 |     6 ||    27
   Stab: Sleeping          |     8 |     5 ||    13
 Armour: Robe              |    48 |       ||    48
         Ring mail         |    17 |    29 ||    46
  Dodge: Dodged            |    61 |    13 ||    74

Table legend: (Time is in decaauts)
 A = Elapsed time spent in this place.
 B = Non-inter-level travel time spent in this place.
 C = Inter-level travel time spent in this place.
 D = Time resting spent in this place.
 E = Time spent auto-exploring this place.
 F = Levels seen in this place.
 G = Mean time per level.
                   A        B        C        D        E       F      G
               +--------+--------+--------+--------+--------+-----+--------+
         Total |   1255 |   1255 |      0 |      0 |      0 |   5 |  251.0 |
       Dungeon |   1255 |   1255 |      0 |      0 |      0 |   5 |  251.0 |
               +--------+--------+--------+--------+--------+-----+--------+

Top non-repeatable levels by time:
     D:3: 342 daAuts
     D:4: 331 daAuts
     D:2: 297 daAuts
     D:1: 262 daAuts
     D:5: 20 daAuts
